[Event "*** SCC Grand Prix: Titled Tuesday Blitz"]
[Site "Chess.com"]
[Date "2020.06.23"]
[Round "2"]
[White "ZEN-22"]
[Black "BabyFacedAssasin"]
[Result "1-0"]
[WhiteElo "2442"]
[BlackElo "2203"]
[TimeControl "180+1"]
[EndTime "10:18:04 PDT"]
[Termination "ZEN-22 won by resignation"]

1. e4 e6 2. d4 d5 3. Nc3 Nf6 4. exd5 exd5 5. a3 Bd6 6. Bg5 c6 7. Bd3 O-O 8. Qf3 Nbd7 9. Nge2 Re8 10. O-O-O b5 11. Kb1 a5 12. a4 bxa4 13. Nxa4 Ba6 14. Bxa6 Rxa6 15. Nc1 Qb8 16. Nb3 Ne4 17. Bd2 Nxd2+ 18. Rxd2 Qb4 19. Nac5 Nxc5 20. dxc5 a4 21. Rd4 Qb5 22. cxd6 axb3 23. cxb3 Rea8 24. Ra4 Rxa4 25. bxa4 Qxa4 26. Rd1 Qa2+ 27. Kc2 Rb8 28. Qc3 Qa4+ 29. Kd2 Qf4+ 30. Ke2 Qxd6 31. g3 Qh6 32. h4 Qh5+ 33. Kd2 Qf3 34. Qxf3 1-0

[Event "*** SCC Grand Prix: Titled Tuesday Blitz"]
[Site "Chess.com"]
[Date "2020.06.23"]
[Round "2"]
[White "Munkhzul_Turmunkh"]
[Black "mamey78"]
[Result "1-0"]
[WhiteElo "2621"]
[BlackElo "2324"]
[TimeControl "180+1"]
[EndTime "10:18:07 PDT"]
[Termination "Munkhzul_Turmunkh won by checkmate"]

1. e4 e5 2. Nf3 Nc6 3. Bb5 a6 4. Ba4 Nf6 5. O-O b5 6. Bb3 Be7 7. Re1 O-O 8. a4 Bb7 9. d3 Re8 10. Nc3 b4 11. Nd5 Na5 12. Nxe7+ Qxe7 13. Ba2 d5 14.
exd5 Qd6 15. c4 c6 16. Bg5 cxd5 17. c5 Qxc5 18. Rxe5 Rxe5 19. Nxe5 Qd6 20. d4 Ne4 21. Bf4 Qf6 22. Bg3 Rc8 23. Rc1 Rxc1 24. Qxc1 b3 25.
Bb1 h5 26. Qc7 h4 27. Nd7 Qc6 28. Qd8+ Kh7 29. Nf8+ Kg8 30. Ne6+ Kh7 31. Qxh4+ Kg6 32.
Nf8+ Kf5 33. Qf4# 1-0

[Event "*** SCC Grand Prix: Titled Tuesday Blitz"]
[Site "Chess.com"]
[Date "2020.06.23"]
[Round "2"]
[White "TokChess"]
[Black "Quiet_Desperation"]
[Result "1-0"]
[WhiteElo "2367"]
[BlackElo "1923"]
[TimeControl "180+1"]
[EndTime "10:18:09 PDT"]
[Termination "TokChess won by resignation"]

1. Nf3 d5 2. d4 c6 3. g3 Nf6 4.
Bg2 Bg4 5. O-O e6 6. Nbd2 Be7 7. Re1 O-O 8. e4 dxe4 9. Nxe4 Nbd7 10. c3 Nxe4 11. Rxe4 Nf6 12. Re1 c5 13. Qb3 Qc8 14. Ne5 Rb8 15. Nxg4 Nxg4 16. Bh3 Nf6 17. dxc5 Bxc5 18.
Rxe6 Qd8 19. Re1 Re8 20. Bf4 Ne4 21. Rf1 Nd2 22. Bxd2 Qxd2 23. Rad1 Qe2 24. Bg2 h5 25. Bd5 Re7 26. Bc4 Qg4 27. Rd5 Bb6 28. Kg2 h4 29. h3 Qg6 30. Bd3 Qh6 31. Qc4 hxg3 32.
fxg3 Qd2+ 33. Kh1 Rbe8 34. Bh7+ 1-0

[Event "*** SCC Grand Prix: Titled Tuesday Blitz"]
[Site "Chess.com"]
[Date "2020.06.23"]
[Round "2"]
[White "hansen"]
[Black "stanyga"]
[Result "1-0"]
[WhiteElo "3003"]
[BlackElo "2605"]
[TimeControl "180+1"]
[EndTime "10:18:12 PDT"]
[Termination "hansen won by resignation"]

1. e4 c5 2. Nf3 d6 3. c3 Nf6 4. Be2 Nc6 5. d3 g6 6. O-O Bg7 7. Re1 O-O 8. Bf1 e5 9. h3 Re8 10. Nbd2 Rb8 11. a4 a6 12. Nc4 b5 13. axb5 axb5 14.
Ne3 h6 15. Qc2 d5 16. Nxd5 Nxd5 17. exd5 Qxd5 18. Nd2 Be6 19. g3 f5 20. Bg2 Qd6 21.
Nb3 Kh7 22. Be3 c4 23. dxc4 bxc4 24. Nc5 e4 25. Red1 Qe7 26. Ra6 Rec8 27. Qa4 Nd8 28. Nxe6 Nxe6 29. Rd7 Qe8 30. Rxe6 Qxe6 31. Bd4 Rg8 32.
Qa7 Qxd7 33. Qxd7 Rxb2 34. Bf1 Kh8 35. Bxc4 Bxd4 36. Qxd4+ Rg7 37. Be6 Kh7 38. c4 Rc2 39. h4 Rb7 40. h5 Rb1+ 41. Kg2 Rbb2 42. Qd7+ 1-0

[Event "*** SCC Grand Prix: Titled Tuesday Blitz"]
[Site "Chess.com"]
[Date "2020.06.23"]
[Round "2"]
[White "Anuar_Is"]
[Black "verdest"]
[Result "1-0"]
[WhiteElo "2837"]
[BlackElo "2545"]
[TimeControl "180+1"]
[EndTime "10:18:12 PDT"]
[Termination "Anuar_Is won on time"]

1. e4 c5 2. Nf3 Nc6 3. d4 cxd4 4. Nxd4 Nf6 5. Nc3 e5 6. Ndb5 d6 7. Bg5 a6 8. Na3 b5 9. Nd5 Be7 10. Bxf6 Bxf6 11. c4 b4 12. Nc2 a5 13. g3 Bg5 14.
Bg2 Be6 15. O-O O-O 16. Qd3 Ne7 17. Nce3 Bxe3 18. Nxe3 Qc7 19. Kh1 a4 20. Rad1 Rfd8 21. b3 Qc5 22. Nf5 Nc6 23. Qd2 f6 24. Qe2 g6 25.
Ne3 Nd4 26. Qb2 axb3 27. axb3 Ra3 28. Rd3 Rda8 29. Qb1 Ra2 30. Qd1 Rb2 31. h4 Raa2 32. Kg1 Ne2+ 33. Kh2 Nc3 34. Qe1 Re2 35. Qc1 Rxf2 36.
Rxf2 Rxf2 37. h5 Kg7 38. h6+ Kf7 39. Qe1 Ra2 40. Rd2 Rxd2 41. Qxd2 Qd4 42. Qe1 Nxe4 43. Nc2 Qf2 44. Qxe4 f5 45. Qb7+ Kf6 46. Nxb4 f4 47.
Qf3 Qxf3 48. Bxf3 Bf5 49. gxf4 exf4 50. Nd5+ Ke5 51. b4 g5 52. b5 g4 53. b6 1-0

[Event "*** SCC Grand Prix: Titled Tuesday Blitz"]
[Site "Chess.com"]
[Date "2020.06.23"]
[Round "2"]
[White "Tooweak2slow03"]
[Black "Lucas_Tomiello"]
[Result "1-0"]
[WhiteElo "2652"]
[BlackElo "2317"]
[TimeControl "180+1"]
[EndTime "10:18:12 PDT"]
[Termination "Tooweak2slow03 won by resignation"]

1. e4 c5 2. Nf3 d6 3. d4 cxd4 4. Nxd4 Nf6 5. Nc3 a6 6. a3 e6 7. g4 Nc6 8. g5 Nd7 9. h4 Be7 10. Be3 Qc7 11. f4 b5 12. Qd2 Bb7 13. Bg2 Nb6 14. b3 Rc8 15. Nce2 d5 16. e5 g6 17. O-O h5 18. Rac1 O-O 19. Qd3 Bxa3 20. Nxe6 fxe6 21. Qxg6+ Qg7 22. Qxh5 Bxc1 23. Bxc1 Nb4 24. c3 Nd3 25. Be3 Nd7 26. Nd4 Rce8 27. Qg4 Qe7 28. h5 b4 29. g6 N7xe5 30. fxe5 Rxf1+ 31. Bxf1 Nxe5 32. Qf4 Nd7 33. h6 e5 34. Qg4 exd4 35. Bxd4 Ne5 36. Qf5 Rf8 37. h7+ Kg7 38. Bxe5+ Kh6 39. Qh3+ Kg5 40. g7 Rxf1+ 41. Qxf1 Qxe5 42. g8=Q+ 1-0

[Event "*** SCC Grand Prix: Titled Tuesday Blitz"]
[Site "Chess.com"]
[Date "2020.06.23"]
[Round "2"]
[White "ChessMavenYeti"]
[Black "ljuks68"]
[Result "0-1"]
[WhiteElo "2082"]
[BlackElo "2391"]
[TimeControl "180+1"]
[EndTime "10:18:12 PDT"]
[Termination "ljuks68 won by checkmate"]

1. d4 d5 2. Nf3 Nf6 3. Bf4 c5 4. c3 Nc6 5. e3 Qb6 6. Qb3 c4 7. Qc2 Bf5 8. Qc1 e6 9. Nbd2 Qd8 10. b3 b5 11. a4 a6 12. axb5 axb5 13.
Rxa8 Qxa8 14. b4 Bxb4 15. cxb4 Nxb4 16. Be2 Nc2+ 17. Kf1 Nb4 18. h3 O-O 19. g4 Bg6 20.
Ne5 Na2 21. Qa1 Qa5 22. Nxg6 fxg6 23. Nf3 Ne4 24. Kg2 b4 25. Qb1 b3 26. Ne5 g5 27.
Bg3 Qd2 28. Qd1 Qxd1 29. Bxd1 Nec3 30. f4 Nxd1 31. Rxd1 c3 32. Nd3 c2 33. Rf1 Rc8 34. fxg5 Rc3 35. Nc1 Nxc1 36. Rxc1 b2 37. Rf1 c1=Q 38.
Bd6 Qxf1+ 39. Kxf1 b1=Q+ 40. Kf2 Qc2+ 41. Kf3 Qe4+ 42.
Kf2 Qxe3+ 43. Kg2 Rc2+ 44. Kf1 Qe2+ 45. Kg1 Qg2# 0-1

[Event "*** SCC Grand Prix: Titled Tuesday Blitz"]
[Site "Chess.com"]
[Date "2020.06.23"]
[Round "2"]
[White "Th3_Hound"]
[Black "VincentKeymer"]
[Result "0-1"]
[WhiteElo "2548"]
[BlackElo "2846"]
[TimeControl "180+1"]
[EndTime "10:18:13 PDT"]
[Termination "VincentKeymer won by resignation"]

1. e4 e6 2. d4 d5 3. Nd2 b6 4. Ngf3 Nf6 5. e5 Nfd7 6. Bd3 c5 7. c3 Ba6 8. Bxa6 Nxa6 9. O-O Be7 10. Re1 Nab8 11.
Nf1 Nc6 12. Ng3 h5 13. a3 a5 14. h3 b5 15. a4 b4 16. c4 Nb6 17. cxd5 Qxd5 18.
dxc5 Bxc5 19. Qe2 Qc4 20. Ne4 Qxe2 21. Rxe2 Be7 22. Rc2 Rc8 23. Be3 Nd5 24. Rac1 Kd7 25. Bc5 b3 26. Rc4 Ncb4 27. Nd4 Nd3 28. Nxb3 Nxc1 29.
Nxc1 Bxc5 30. Nxc5+ Ke7 31. N1b3 Nb6 32. Rd4 Rc7 33.
Ne4 Nc4 34. Nd6 Nxe5 35. Nb5 Rd7 36. Rxd7+ Kxd7 37. Nxa5 Ra8 38. b4 Nc6 39. Nc4 Rb8 40.
a5 Rxb5 0-1

[Event "*** SCC Grand Prix: Titled Tuesday Blitz"]
[Site "Chess.com"]
[Date "2020.06.23"]
[Round "2"]
[White "Alexander_Donchenko"]
[Black "Pintacara"]
[Result "1-0"]
[WhiteElo "2676"]
[BlackElo "2336"]
[TimeControl "180+1"]
[EndTime "10:18:13 PDT"]
[Termination "Alexander_Donchenko won on time"]

1. e4 c5 2. Nf3 e6 3. d4 cxd4 4. Nxd4 a6 5. c3 b5 6. Bd3 Bb7 7. O-O d6 8. a4 bxa4 9. Na3 Nf6 10. Qe2 Be7 11. Nc4 O-O 12. Rxa4 d5 13. Na5 dxe4 14. Bc2 Bc8 15. Nac6 Nxc6 16. Nxc6 Qc7 17. Nxe7+ Qxe7 18. Rxe4 Bb7 19. Rh4 Qc5 20. Qd3 Rfd8 21. Qh3 g6 22.
Be3 Qd5 23. Bd4 Nh5 24. Be4 Qb5 25. Bxb7 Qxb7 26. Rxh5 gxh5 27. Qg3+ Kf8 28. Bf6 Rd5 29. Re1 Ke8 30. Qg8+ Kd7 31. Qxf7+ Kc6 32. Rxe6+ Kc5 33. Bd4+ 1-0

[Event "*** SCC Grand Prix: Titled Tuesday Blitz"]
[Site "Chess.com"]
[Date "2020.06.23"]
[Round "2"]
[White "leoduarte"]
[Black "Lion-Al-Messi"]
[Result "1-0"]
[WhiteElo "2281"]
[BlackElo "2449"]
[TimeControl "180+1"]
[EndTime "10:18:13 PDT"]
[Termination "leoduarte won by resignation"]

1. e4 e6 2. d4 d5 3. Nc3 Nf6 4. Bg5 dxe4 5. Nxe4 Be7 6. Bxf6 gxf6 7. g3 Bd7 8. Bg2 Bc6 9. f3 f5 10. Nc3 Bf6 11. Nge2 Na6 12. Qd2 Qe7 13. O-O-O O-O-O 14. Kb1 Nb4 15. a3 Nd5 16. Nxd5 Bxd5 17. Qe3 Qd6 18. Nf4 Bg5 19. Bf1 Rhg8 20. Be2 Bxf4 21. gxf4 Qc6 22. c4 Bxc4 23. Rc1 b5 24. b3 Qd5 25. bxc4 Qxd4 26.
Qxd4 Rxd4 27. cxb5 Rxf4 28. Rhd1 Rg2 29. Rc2 f6 30. b6 Rg7 31. Ba6+ 1-0

[Event "*** SCC Grand Prix: Titled Tuesday Blitz"]
[Site "Chess.com"]
[Date "2020.06.23"]
[Round "2"]
[White "PlotnikovPavel"]
[Black "Julianos82"]
[Result "1-0"]
[WhiteElo "2453"]
[BlackElo "2241"]
[TimeControl "180+1"]
[EndTime "10:18:13 PDT"]
[Termination "PlotnikovPavel won by resignation"]

1. e4 c5 2. c3 d6 3. d4 Nd7 4. Nf3 Qc7 5. Bd3 Ngf6 6. O-O e5 7. Be3 b6 8. Nbd2 Be7 9. a4 Bb7 10. Qe2 O-O 11. b4 Rac8 12. h3 h6 13. d5 Kh7 14.
Nc4 g5 15. Nh2 Rg8 16. b5 h5 17. f3 Rg6 18. a5 Rcg8 19. axb6 axb6 20. Ra7 Qb8 21.
Rfa1 g4 22. hxg4 hxg4 23. f4 g3 24. Nf3 Ng4 25. f5 R6g7 26. Kf1 Nxe3+ 27. Qxe3 Bg5 28. Nxg5+ Rxg5 29. Ke2 Rh5 30. Qf3 Rh2 31. Nxd6 Qxd6 32. Rxb7 c4 33. Bc2 Rg7 34. Raa7 Nc5 35. Rxf7 Qh6 36.
Rxg7+ 1-0

[Event "*** SCC Grand Prix: Titled Tuesday Blitz"]
[Site "Chess.com"]
[Date "2020.06.23"]
[Round "2"]
[White "grandcoach"]
[Black "JoachimMouhamad"]
[Result "0-1"]
[WhiteElo "2086"]
[BlackElo "2464"]
[TimeControl "180+1"]
[EndTime "10:18:14 PDT"]
[Termination "JoachimMouhamad won by resignation"]

1. e4 e5 2. Nf3 Nc6 3. d4 exd4 4. c3 d5 5. cxd4 dxe4 6. d5 exf3 7. dxc6 Qxd1+ 8.
Kxd1 bxc6 9. Nd2 fxg2 10. Bxg2 Bd7 11. Re1+ Be7 12. Nc4 Rd8 13. Bd2 Nf6 14. Ne5 Nd5 15.
Rc1 O-O 16. Nxc6 Bxc6 17. Rxc6 Bb4 18. Bxd5 Rxd5 19. Re2 Rfd8 20. Rc2 f5 21. Kc1 Bxd2+ 22. Rcxd2 Rxd2 23. Rxd2 Rxd2 24. Kxd2 Kf7 25. Kc3 Ke6 26. Kc4 g5 27. Kc5 h5 28. Kc6 f4 29. Kxc7 g4 30. b4 h4 31. a4 g3 32. hxg3 hxg3 33.
fxg3 fxg3 34. Kb7 g2 35. Kxa7 g1=Q+ 36. Ka6 Kd6 37. b5 Kc7 38. a5 Qf1 0-1

[Event "*** SCC Grand Prix: Titled Tuesday Blitz"]
[Site "Chess.com"]
[Date "2020.06.23"]
[Round "2"]
[White "PredragNikac"]
[Black "chigorin28"]
[Result "0-1"]
[WhiteElo "2189"]
[BlackElo "2421"]
[TimeControl "180+1"]
[EndTime "10:18:14 PDT"]
[Termination "chigorin28 won by resignation"]

1. d4 Nf6 2. Bg5 d5 3. Bxf6 exf6 4. e3 Bd6 5. Bd3 O-O 6. Ne2 Nd7 7. g3 c5 8. c3 g6 9. h4 f5 10. h5 Nf6 11. hxg6 fxg6 12. dxc5 Bxc5 13. Nf4 Qe7 14. Qf3 Be6 15. Nd2 Rad8 16. Nb3 Bb6 17. Nd4 Bxd4 18.
cxd4 Qb4+ 19. Kf1 Bd7 20. Kg2 Bc6 21. Ne6 Qxb2 22. Nxd8 Rxd8 23. Bxf5 gxf5 24. Qxf5 Rf8 25. Rh6 Qxa1 26. Qg5+ Kh8 27. Rxf6 Rxf6 28. Qxf6+ Kg8 29. Qd8+ Kf7 30. Qc7+ Ke6 31. Qc8+ Ke7 32. Qc7+ Bd7 33. Qe5+ Kd8 34. Qxd5 Qb2 35. Qg8+ Kc7 36. Qxh7 Qxa2 37. e4 Qc4 38. d5 a5 39. Qh4 a4 40. d6+ Kc6 41. f3 a3 42. Qd8 Qc2+ 43. Kg1 Qc1+ 44. Kf2 Qd2+ 45. Kg1 Qxd6 46. f4 Qd4+ 47. Kh2 Qxe4 48. Qa5 Qc2+ 49. Kg1 a2 50. Qa4+ Qxa4 0-1

[Event "*** SCC Grand Prix: Titled Tuesday Blitz"]
[Site "Chess.com"]
[Date "2020.06.23"]
[Round "2"]
[White "Lenyas66"]
[Black "abykhovsky"]
[Result "1-0"]
[WhiteElo "2515"]
[BlackElo "2715"]
[TimeControl "180+1"]
[EndTime "10:18:15 PDT"]
[Termination "Lenyas66 won by resignation"]

1. e4 c5 2. Nf3 d6 3. Bb5+ Nc6 4. O-O Bd7 5. Re1 a6 6. Bc4 b5 7. Bf1 Bg4 8. c3 Nf6 9. a4 b4 10. d4 cxd4 11. cxd4 Bxf3 12. gxf3 e5 13. d5 Nb8 14. a5 Nbd7 15. Qa4 Be7 16. Qxb4 O-O 17. Nc3 Nh5 18. Kh1 Nc5 19. Qc4 Bg5 20. b4 Nd7 21. Ne2 Bxc1 22. Raxc1 Qh4 23. Ng3 Nf4 24. Qc7 Nf6 25. Qxd6 Qg5 26. Rc6 h5 27. Nf5 Rfe8 28. Qc5 Nd7 29. Qe3 g6 30. Nd6 Reb8 31. Qd2 Nf6 32. Nc4 Rc8 33. Rc1 Rd8 34. Nb6 Rab8 35. Qe3 Kg7 36. Rc7 Ne8 37. Rd7 Rxd7 38. Nxd7 Rxb4 39.
Qc3 Ra4 40. Qxe5+ Qf6 41. Nxf6 1-0

[Event "*** SCC Grand Prix: Titled Tuesday Blitz"]
[Site "Chess.com"]
[Date "2020.06.23"]
[Round "2"]
[White "iaraldinho"]
[Black "RaunakSadhwani2005"]
[Result "0-1"]
[WhiteElo "2561"]
[BlackElo "2892"]
[TimeControl "180+1"]
[EndTime "10:18:16 PDT"]
[Termination "RaunakSadhwani2005 won by resignation"]

1. e4 c6 2. d4 d5 3. Nc3 g6 4.
Be3 Bg7 5. Qd2 dxe4 6. Nxe4 Nf6 7. Nxf6+ exf6 8. O-O-O Be6 9. a3 O-O 10. h4 h5 11. f3 b5 12. Bh6 Qd5 13. Bxg7 Kxg7 14. Ne2 Qa2 15. Qc3 Nd7 16. Nf4 Nb6 17. Nxe6+ Qxe6 18. Kb1 Nd5 19. Qd2 Rab8 20. Ka1 b4 21.
a4 b3 22. cxb3 Ne3 23. Re1 Nxf1 24. Rhxf1 Qxb3 25. Re3 Qxa4+ 26. Ra3 Qb5 27. Rc1 Rfe8 28. Ra5 Qe2 29. Rc2 Qf1+ 30. Rc1 Re2 31. Qf4 Re1 32. Rc5 Qa6+ 33. Kb1 Qd3+ 34. Ka2 Qb3+ 0-1

[Event "*** SCC Grand Prix: Titled Tuesday Blitz"]
[Site "Chess.com"]
[Date "2020.06.23"]
[Round "2"]
[White "Grandelicious"]
[Black "ElusiveCat"]
[Result "1-0"]
[WhiteElo "2791"]
[BlackElo "2342"]
[TimeControl "180+1"]
[EndTime "10:18:17 PDT"]
[Termination "Grandelicious won by resignation"]

1. e4 c5 2. Nf3 d6 3. d4 cxd4 4. Nxd4 Nf6 5. Nc3 a6 6. Nb3 e5 7. Bg5 Be7 8. Bxf6 Bxf6 9. Nd5 O-O 10. a4 Nc6 11. a5 Be6 12. Be2 Rc8 13. O-O Bxd5 14.
Qxd5 Qc7 15. c3 Rcd8 16. Rfd1 Ne7 17. Qc4 Qb8 18. g3 Rc8 19. Qd3 Rfd8 20. Bf3 g6 21. Ra4 Bg7 22. Bg2 f5 23. exf5 gxf5 24. Bd5+ Kh8 25.
Rb4 Rc7 26. Qe2 Qc8 27. Qh5 Nxd5 28. Rxd5 Qe6 29. Qd1 f4 30. Nc5 Qg6 31. Ne4 fxg3 32. hxg3 Rf7 33. Rxd6 Rxd6 34. Qxd6 Qf5 35. Qb8+ Bf8 36.
Rxb7 Rxb7 37. Qxb7 Qf3 38. Qd5 Qh5 39. b4 Qf5 40. Kg2 h5 41. b5 h4 42. gxh4 Qg4+ 43. Ng3 Qf4 44. bxa6 Qxh4 45. a7 1-0

[Event "*** SCC Grand Prix: Titled Tuesday Blitz"]
[Site "Chess.com"]
[Date "2020.06.23"]
[Round "2"]
[White "Gerasimenyuk_Miha"]
[Black "Chernobay_Artem"]
[Result "0-1"]
[WhiteElo "2320"]
[BlackElo "2604"]
[TimeControl "180+1"]
[EndTime "10:18:17 PDT"]
[Termination "Chernobay_Artem won by resignation"]

1. d4 d6 2. Nf3 Nf6 3. Bg5 Nbd7 4. e3 e5 5. Nbd2 Be7 6. c3 O-O 7. Bd3 b6 8. Qc2 Bb7 9. h4 Re8 10. dxe5 dxe5 11. Bxf6 Nxf6 12. Nxe5 Bc5 13. Ndf3 a5 14. O-O-O Qe7 15. Bc4 Rf8 16. Nxf7 Rxf7 17. Ng5 Rf8 18.
Qb3 h6 19. Nxf7 Rxf7 20. Bxf7+ Qxf7 21. Rd8+ Bf8 22. f3 Bd5 23. Qb5 Bxa2 24. e4 Be6 25.
Rhd1 Kh7 26. g4 Bc5 27. g5 Nh5 28. Qd3 Nf4 29. Qa6 Ba2 30. Qa8 Be3+ 31. R1d2 Ne6 32.
Rh8+ Kg6 33. Qc8 Bxd2+ 34. Kxd2 Qf4+ 35. Ke2 Bc4+ 36. Kd1 Qxf3+ 37. Kc2 Qxe4+ 0-1

[Event "*** SCC Grand Prix: Titled Tuesday Blitz"]
[Site "Chess.com"]
[Date "2020.06.23"]
[Round "2"]
[White "zmeeed67"]
[Black "Falia-p"]
[Result "1-0"]
[WhiteElo "2452"]
[BlackElo "2224"]
[TimeControl "180+1"]
[EndTime "10:18:17 PDT"]
[Termination "zmeeed67 won by resignation"]

1. d4 Nf6 2. c4 e6 3. Nc3 Bb4 4. f3 d5 5. a3 Be7 6. e4 dxe4 7. fxe4 c5 8. d5 exd5 9. exd5 O-O 10. Nf3 Bd6 11.
Be2 Bg4 12. O-O Nbd7 13. Bg5 Re8 14. Qd2 a6 15. Bd3 Qc7 16. h3 Bh5 17. Nh4 Bg6 18. Nf5 Bh2+ 19. Kh1 Be5 20. Rad1 Nh5 21. Ne2 Bxf5 22.
Bxf5 Bxb2 23. d6 Rxe2 24. dxc7 Ng3+ 25. Kg1 Rxd2 26. Rxd2 Nxf1 27. Rxd7 Bd4+ 28. Kxf1 f6 29. Rd8+ Rxd8 30. cxd8=Q+ Kf7 31. Qd5+ 1-0

[Event "*** SCC Grand Prix: Titled Tuesday Blitz"]
[Site "Chess.com"]
[Date "2020.06.23"]
[Round "2"]
[White "colegiodemadrid"]
[Black "metalbattler"]
[Result "1/2-1/2"]
[WhiteElo "2368"]
[BlackElo "2063"]
[TimeControl "180+1"]
[EndTime "10:18:18 PDT"]
[Termination "Game drawn by repetition"]

1. e4 d5 2. exd5 Nf6 3. Be2 Nxd5 4. d4 Bf5 5. Nf3 e6 6. O-O Be7 7. a3 O-O 8. c4 Nf6 9. Nc3 Ne4 10. Be3 Nd7 11.
Qb3 Nxc3 12. Qxc3 Nf6 13. Qb3 Rb8 14. Rac1 h6 15. Rfd1 c6 16. Qa4 a6 17. h3 Bd6 18. b4 Qe7 19. Bf1 Bc7 20. Re1 Rbd8 21. Rcd1 Bb8 22. Qb3 Qc7 23. Ne5 Nd7 24. f4 Nf6 25. a4 Ne4 26. b5 axb5 27. axb5 f6 28. Nf3 Ng3 29. bxc6 bxc6 30. Rb1 Bxb1 31. Rxb1 Nf5 32.
Bd2 Nxd4 33. Nxd4 Rxd4 34. Be3 Rd7 35. Bc5 Ba7 36. Bxa7 Qxa7+ 37. Kh2 Rfd8 38. Re1 Qd4 39. c5 Qxf4+ 40. Kh1 Rd1 41. Rxd1 Rd5 42. Rxd5 exd5 43. Qb7 Qxf1+ 44. Kh2 Qf4+ 45. Kh1 Qc1+ 46. Kh2 Qxc5 47. Qc8+ Kf7 48. Qd7+ Qe7 49. Qxc6 Qe5+ 50. Kh1 d4 51.
Qd7+ Kg6 52. Qg4+ Kf7 53. Qd7+ Kf8 54. Qd8+ Kf7 55. Qd7+ 1/2-1/2

[Event "*** SCC Grand Prix: Titled Tuesday Blitz"]
[Site "Chess.com"]
[Date "2020.06.23"]
[Round "2"]
[White "sasko1234"]
[Black "NotFischer"]
[Result "1-0"]
[WhiteElo "2426"]
[BlackElo "2193"]
[TimeControl "180+1"]
[EndTime "10:18:19 PDT"]
[Termination "sasko1234 won by resignation"]

1. b3 Nf6 2. Bb2 g6 3. g4 h6 4. h4 Bg7 5. Bg2 d6 6. g5 hxg5 7. hxg5 Rxh1 8. Bxh1 Nh5 9. Bxg7 Nxg7 10. d4 c6 11. Qd2 e5 12. dxe5 dxe5 13. Qxd8+ Kxd8 14. Nf3 Nd7 15. Nc3 Ke7 16. O-O-O Ne6 17. Ne4 Rb8 18. e3 b6 19. Nd6 Ba6 20. Rd2 Rh8 21. Bg2 Rh5 22.
Nxf7 e4 23. N3e5 Nxe5 24. Nxe5 Nxg5 25. Nxg6+ Ke8 26. Nf4 Rh2 27. a4 Bc8 28. Rd6 Bg4 29. Rxc6 Bf3 30. Bxf3 exf3 31. Rg6 Nf7 32. Nd3 Rh1+ 33.
Kd2 Ke7 34. Rg3 1-0

[Event "*** SCC Grand Prix: Titled Tuesday Blitz"]
[Site "Chess.com"]
[Date "2020.06.23"]
[Round "2"]
[White "chesslh19"]
[Black "Nathan_Filgueiras"]
[Result "0-1"]
[WhiteElo "2118"]
[BlackElo "2400"]
[TimeControl "180+1"]
[EndTime "10:18:19 PDT"]
[Termination "Nathan_Filgueiras won by checkmate"]

1. e4 c5 2. Nf3 Nc6 3. d4 cxd4 4. Nxd4 d5 5. Bb5 dxe4 6. Nxc6 Qxd1+ 7. Kxd1 a6 8. Nxe7+ Kxe7 9. Be2 f5 10. Bg5+ Nf6 11.
Nc3 Be6 12. f3 Rd8+ 13. Ke1 exf3 14. Bxf3 b5 15. Rd1 Rxd1+ 16. Kxd1 h6 17. Bxf6+ Kxf6 18. Nd5+ Bxd5 19. Bxd5 Bc5 20. Bf3 Rd8+ 21. Kc1 g5 22. h3 Kg6 23. Rd1 Re8 24. c3 h5 25.
Rd5 Be3+ 26. Kc2 Re6 27. g4 fxg4 28. hxg4 h4 29. Rd8 Bf4 30. Rc8 Re3 31. Rc6+ Kg7 32. Bd5 Re2+ 33. Kd3 Rxb2 34. Rxa6 h3 35. Ra7+ Kf6 36.
Ra6+ Ke5 37. Bb7 Rd2# 0-1

[Event "*** SCC Grand Prix: Titled Tuesday Blitz"]
[Site "Chess.com"]
[Date "2020.06.23"]
[Round "2"]
[White "WelshTiger"]
[Black "Yoshikrov"]
[Result "0-1"]
[WhiteElo "2359"]
[BlackElo "2014"]
[TimeControl "180+1"]
[EndTime "10:18:19 PDT"]
[Termination "Yoshikrov won by checkmate"]

1. e4 c5 2. Nf3 d6 3. d4 cxd4 4. Nxd4 Nf6 5. Nc3 a6 6. Be2 e5 7. Nf3 Be6 8. Bg5 Be7 9. Bxf6 Bxf6 10. Nd5 Bxd5 11. Qxd5 Qc7 12. O-O-O Be7 13. Kb1 Nd7 14.
Rd3 Nf6 15. Qb3 Nxe4 16. Qa4+ Qc6 17. Qxc6+ bxc6 18. Rf1 O-O 19. Ra3 a5 20. Bd3 Nf6 21. Nd2 d5 22. f3 Bxa3 23. bxa3 Rab8+ 24. Kc1 Rfe8 25. Re1 c5 26. Bf1 c4 27. Nb1 Rbc8 28. Nc3 d4 29. Na4 Rc6 30. Kd2 g6 31. Rb1 Rd8 32. Rb7 Nd5 33. g3 Ne3 34. Be2 f5 35. Re7 Rd5 36. Nc3 dxc3+ 37. Kxe3 Rd2 38. Rxe5 Rxc2 39.
Rxa5 Rxa2 40. h4 Re6+ 41. Kf4 Raxe2 42. Ra8+ Kf7 43. Rc8 c2 44. Rxc4 Ra6 45. a4 h6 46.
Rc7+ Kf6 47. Rc4 g5+ 48. hxg5+ hxg5# 0-1

[Event "*** SCC Grand Prix: Titled Tuesday Blitz"]
[Site "Chess.com"]
[Date "2020.06.23"]
[Round "2"]
[White "abubakrtagelsir"]
[Black "KobyKalavannan"]
[Result "0-1"]
[WhiteElo "2332"]
[BlackElo "2658"]
[TimeControl "180+1"]
[EndTime "10:18:20 PDT"]
[Termination "KobyKalavannan won on time"]

1. e4 c5 2. Nc3 Nc6 3. f4 g6 4.
Nf3 Bg7 5. Bb5 Nd4 6. O-O a6 7.
Bc4 b5 8. Bd5 Rb8 9. d3 e6 10.
Bb3 Ne7 11. Nxd4 cxd4 12. Ne2 d6 13. Qe1 Bb7 14. f5 gxf5 15. exf5 Nxf5 16. Nf4 Qh4 17. Nxe6 Qxe1 18. Nxg7+ Nxg7 19. Rxe1+ Ne6 20. Bxe6 fxe6 21. Rxe6+ Kd7 22. Re2 Rbe8 23. Rxe8 Rxe8 24. Kf2 Rf8+ 25. Kg1 Rg8 26. g3 Re8 27. Kf2 Rf8+ 28. Bf4 Rc8 29. Rc1 Bd5 30. b3 h5 31. h4 Re8 32. Re1 Rc8 33. Rc1 Be6 34. Ke2 Bg4+ 35. Kd2 a5 36. a3 a4 37. bxa4 bxa4 38. Rb1 Rc3 39. Rb4 Rxa3 40. Rxd4 Ra2 41. Rxd6+ Ke7 42. Ra6 Be6 43. Kc3 Ra3+ 44. Kb4 Ra2 45. Kc3 Kf7 46. Bd6 Ra1 47.
Kd4 Kg6 48. c4 Kf5 49. Ra5+ Kg4 50. Rg5+ Kf3 51. Ke5 Bg4 52. d4 a3 0-1

[Event "*** SCC Grand Prix: Titled Tuesday Blitz"]
[Site "Chess.com"]
[Date "2020.06.23"]
[Round "2"]
[White "ValeriyGrinev"]
[Black "Matibar"]
[Result "1/2-1/2"]
[WhiteElo "2548"]
[BlackElo "2816"]
[TimeControl "180+1"]
[EndTime "10:18:21 PDT"]
[Termination "Game drawn by repetition"]

1. d4 f5 2. g3 Nf6 3. Bg2 g6 4. Nf3 Bg7 5. b3 O-O 6. Bb2 Ne4 7. O-O d6 8. Nbd2 Nc6 9. Ne1 Ng5 10. e3 e5 11. Bxc6 bxc6 12. dxe5 dxe5 13. f4 exf4 14. Bxg7 Kxg7 15. exf4 Nf7 16. Nc4 Be6 17. Nf3 Bxc4 18. bxc4 Qf6 19. Qd4 Rfd8 20. Qxf6+ Kxf6 21. Rfd1 Rd6 22. Rxd6+ cxd6 23. Rb1 Re8 24. Kf2 Re4 25. Nd2 Re7 26. Rb8 c5 27. a4 Nh6 28. h3 Kf7 29. a5 Ng8 30. Nf3 Nf6 31. Ng5+ Kg7 32. a6 h6 33. Rb7 Kf8 34. Nf3 Ne4+ 35. Kg2 Ke8 36. Nh4 Kd8 37. Rxe7 Kxe7 38. Nxg6+ Kf6 39.
Nf8 Ke7 40. Ng6+ Kf6 41. Nf8 Ke7 42. Ng6+ 1/2-1/2

[Event "*** SCC Grand Prix: Titled Tuesday Blitz"]
[Site "Chess.com"]
[Date "2020.06.23"]
[Round "2"]
[White "topotun"]
[Black "Batsai"]
[Result "1-0"]
[WhiteElo "2662"]
[BlackElo "2372"]
[TimeControl "180+1"]
[EndTime "10:18:21 PDT"]
[Termination "topotun won by resignation"]

1. e4 c6 2. d4 d5 3. Nd2 dxe4 4.
Nxe4 Bf5 5. Ng3 Bg6 6. h4 h6 7.
Nf3 e6 8. h5 Bh7 9. Bd3 Bxd3 10. Qxd3 Nf6 11. Bd2 c5 12. Ne4 Nxe4 13. Qxe4 Nc6 14.
Bc3 c4 15. O-O-O Qd5 16. Qxd5 exd5 17. Rhe1+ Kd7 18. Ne5+ Nxe5 19. dxe5 Ke6 20. g4 Bc5 21. f4 Rad8 22. f5+ Ke7 23. e6 f6 24. Bd4 b6 25. c3 Rd6 26. Kc2 Rc8 27. Rd2 Bxd4 28.
Rxd4 Rc5 29. Red1 Rd8 30. b4 cxb3+ 31. axb3 a5 32. Kb2 b5 33. Ra1 Ra8 34. b4 Rc7 35. Rxa5 Rxa5 36. bxa5 Kd6 37. Kb3 Rc4 38. Rxc4 dxc4+ 39. Kb4 1-0